 Dungeon Crawl Stone Soup version 0.29.0-4-gdea44cf6ec (webtiles) character file.

Game seed: 960450776209795635

375 qw the Chopper (level 6, -7/37 HPs)
             Began as a Tengu Warper on Aug 28, 2022.
             Mangled by Duvessa
             ... wielding a +2 short sword of electrocution
              (14 damage)
             ... on level 4 of the Dungeon.
             The game lasted 00:00:25 (4522 turns).

qw the Chopper (Tengu Warper)                       Turns: 4522, Time: 00:00:26

Health: -7/37      AC: 10    Str: 18    XL:     6   Next: 72%
Magic:  10/10      EV: 15    Int: 13    God:
Gold:   227        SH:  6    Dex: 13    Spells: 9/9 levels left

rFire   . . .      SeeInvis .   Y - +0 hand axe
rCold   . . .      Faith    .   h - +2 buckler
rNeg    . . .      Spirit   .   d - +0 scale mail
rPois   .          Reflect  .   (helmet restricted)
rElec   .          Harm     .   (no cloak)
rCorr   .          Rampage  .   (no gloves)
Will    .....                   (boots unavailable)
Stlth   ..........              (no amulet)
HPRegen 0.12/turn               i - +4 ring of protection
MPRegen 0.12/turn               l - ring "Utaz" {EV+4 Str+4}

@: flying quickly and evasively, quick
A: beak, talons 3, nimble flight
a: no special abilities


You were on level 4 of the Dungeon.
You visited 1 branch of the dungeon, and saw 4 of its levels.

You collected 227 gold pieces.


Innate Abilities, Weirdness & Mutations

You have a beak for a mouth.
You have claws for feet.
Your magical nature lets you fly swiftly and evasively.


   Skills:
 - Level 3.0 Fighting
 - Level 7.0 Axes
 - Level 1.0 Throwing
 - Level 1.1 Armour
 - Level 2.1 Dodging
 + Level 1.0 Shields
 - Level 2.0 Spellcasting
 - Level 2.4 Translocations


You had 9 spell levels left.
You didn't know any spells.
Your spell library contained the following spells:

 Spells                   Type           Power      Damage    Failure   Level
 Blink                    Tloc           14%        N/A       54%         2
 Gell's Gravitas          Tloc           7%         N/A       78%         3
 Lesser Beckoning         Tloc           7%         N/A       78%         3
 Teleport Other           Tloc           7%         N/A       78%         3
 Manifold Assault         Tloc           7%         N/A       100%        5

Inventory:

Hand Weapons
 a - a +0 flail
 Y - a +0 hand axe (weapon)
Armour
 d - a +0 scale mail (worn)
 h - a +2 buckler (worn)
 j - a +0 chain mail
Jewellery
 i - a +4 ring of protection (left hand)
 l - the ring "Utaz" (right hand) {EV+4 Str+4}
   (You found it on level 3 of the Dungeon)

   [ring of evasion]

   EV:        It affects your evasion (+4).
   Str:       It affects your strength (+4).
Scrolls
 c - a scroll of identify
Potions
 b - a potion of brilliance {unknown}
 e - a potion of cancellation
 f - 2 potions of might {unknown}
 g - a potion of resistance {unknown}

Dungeon Overview and Level Annotations

Branches:
Dungeon (4/15)
 Temple: D:4-7

Altars:
Gozag
Kikubaaqudgha
Nemelex Xobeh
Vehumet
Wu Jian
Xom

Annotations:
D:2 1 runed translucent door, Crazy Yiuf
D:4 Duvessa


Message History

Dowan says, "Magic and the sword, together, will defeat you."
Dowan barely misses you.
You hit Dowan but do no damage. You peck Dowan.
Dowan is severely wounded.
Dowan hits you but does no damage.
You barely miss Dowan. You claw Dowan.
Dowan is severely wounded.
Dowan hits you but does no damage.
You hit Dowan. Your kick misses Dowan. Your peck misses Dowan.
Dowan is almost dead.
You hit Duvessa but do no damage. You block Dowan's attack.
Duvessa hits you but does no damage.
You are electrocuted!
You hit Dowan but do no damage.
Dowan is almost dead.
You hit Duvessa but do no damage.
A goblin comes into view. It is wielding a +0 dagger.
Duvessa misses you.
Dowan smirks and points a slender finger.
Dowan closely misses you.
You slash Dowan!
You kill Dowan!
Duvessa screams, "No!
How DARE you!"
Duvessa goes berserk!
You hit Duvessa but do no damage. You block Duvessa's attack.
Your Fighting skill increases to level 3!
You hit Duvessa but do no damage. Your kick misses Duvessa.
Duvessa hits you with a +2 short sword of electrocution!
Duvessa hits you with a +2 short sword of electrocution.
The adder bites you but does no damage.
You slash Duvessa! You claw Duvessa, but do no damage.
Duvessa is lightly wounded.
You miss the adder.
Duvessa hits you with a +2 short sword of electrocution!
You block the adder's attack.
You hit Duvessa but do no damage. Your peck misses Duvessa.
Duvessa is lightly wounded.
You hit the adder but do no damage.
Duvessa hits you with a +2 short sword of electrocution!
You die...

###..# #### #....## ##...
##....# #.... ##...##
.......###....>########
#... #...#......#....(#
#....##......#.#......###
.......)##...#.#><......#
....g..e@(..............#
.......S........#........
......#........##........
....###.....##+##........
#... ......# ###......
#.. ##.....# #.#...... ).
$.....# #......#. ......#
#......## #.......#


You could see Duvessa (berserk), an adder and a goblin.

Vanquished Creatures
  A centaur (D:3)
  Dowan (D:4)
  A jelly (D:4)
  A hound (D:4)
  Jessica (D:2)
  4 gnolls (D:3)
  5 adders
  A dart slug (D:3)
  8 endoplasms
  3 giant cockroaches
  7 goblins
  7 hobgoblins
  6 jackals
  7 kobolds
  2 quokkas
  10 ball pythons
  4 bats
  6 frilled lizards
  9 rats
84 creatures vanquished.

Vanquished Creatures (others)
  2 plants (D:4)
2 creatures vanquished.

Grand Total: 86 creatures vanquished

Notes
Turn   | Place    | Note
-------+----------+-------------------------------------------
     0 | D:1      | qw the Tengu Warper began the quest for the Orb.
     0 | D:1      | Reached XP level 1. HP: 12/12 MP: 4/4
     0 | D:1      | 0 ||| qw: Version: 0.1-a-89-g26bdef1
     0 | D:1      | 0 ||| qw: Game counter: 3196
     0 | D:1      | 0 ||| qw: Always use a shield: true
     0 | D:1      | 0 ||| qw: God list: Okawaru
     0 | D:1      | 0 ||| qw: Allow faded altars: false
     0 | D:1      | 0 ||| qw: Do Orc after D:15 true
     0 | D:1      | 0 ||| qw: Do second Lair branch before Depths: true
     0 | D:1      | 0 ||| qw: Lair rune preference: random
     0 | D:1      | 0 ||| qw: Plans: Normal
     0 | D:1      | 0 ||| PLANNING D:1-11
   305 | D:1      | Reached XP level 2. HP: 17/17 MP: 6/6
   334 | D:1      | Reached skill level 3 in Axes
   560 | D:1      | HP: 4/17 [hobgoblin (3)]
   884 | D:1      | 884 ||| Stepping ~*~*~tactically~*~*~ (stealth).
   894 | D:1      | 894 ||| Stepping ~*~*~tactically~*~*~ (stealth).
   895 | D:1      | 895 ||| Stepping ~*~*~tactically~*~*~ (stealth).
   896 | D:1      | 896 ||| Stepping ~*~*~tactically~*~*~ (stealth).
   926 | D:1      | 926 ||| Stepping ~*~*~tactically~*~*~ (stealth).
   929 | D:1      | 929 ||| Stepping ~*~*~tactically~*~*~ (stealth).
   931 | D:1      | 931 ||| Stepping ~*~*~tactically~*~*~ (stealth).
   932 | D:1      | 932 ||| Stepping ~*~*~tactically~*~*~ (stealth).
   949 | D:1      | Reached XP level 3. HP: 18/21 MP: 7/7
  1159 | D:1      | 1159 ||| UPGRADING to +0 scale mail.
  1169 | D:1      | 1169 ||| DROPPING +0 leather armour.
  1170 | D:1      | 1170 ||| UPGRADING to +2 buckler.
  1175 | D:1      | 1175 ||| READING 2 scrolls labelled TUDUKH WUARPHEG.
  1179 | D:1      | 1179 ||| DROPPING scroll of blinking.
  1193 | D:2      | 1193 ||| STAIRDANCE
  1256 | D:2      | 1256 ||| DROPPING +0 club.
  1429 | D:2      | 1429 ||| Stepping ~*~*~tactically~*~*~ (stealth).
  1469 | D:2      | 1469 ||| Stepping ~*~*~tactically~*~*~ (stealth).
  1476 | D:2      | Reached skill level 1 in Shields
  1482 | D:2      | Reached skill level 4 in Axes
  1538 | D:2      | 1538 ||| DROPPING +0 whip.
  1681 | D:2      | Found a runed translucent door.
  1682 | D:2      | Noticed Crazy Yiuf
  1778 | D:2      | Noticed Jessica
  1785 | D:2      | Killed Jessica
  1786 | D:2      | Reached XP level 4. HP: 19/26 MP: 8/8
  2125 | D:2      | 2125 ||| READING scroll labelled ANTEUMNEBBA.
  2126 | D:2      | 2126 ||| READING scroll labelled NEIFAE XEROJAED.
  2127 | D:2      | 2127 ||| READING 2 scrolls labelled WUHIPLIOVOE.
  2128 | D:2      | 2128 ||| DROPPING scroll of magic mapping.
  2174 | D:3      | 2174 ||| STAIRDANCE
  2307 | D:3      | Reached skill level 5 in Axes
  2353 | D:3      | 2353 ||| Stepping ~*~*~tactically~*~*~ (hiding).
  2357 | D:3      | 2357 ||| Stepping ~*~*~tactically~*~*~ (hiding).
  2539 | D:3      | Found a sparkling altar of Nemelex Xobeh.
  2542 | D:3      | Found a radiant altar of Vehumet.
  2545 | D:3      | Found an ancient bone altar of Kikubaaqudgha.
  2548 | D:3      | Found a shimmering altar of Xom.
  2604 | D:3      | Gained mutation: Your magical nature lets you fly swiftly
                  | and evasively. [Tengu growth]
  2604 | D:3      | Reached XP level 5. HP: 27/30 MP: 9/9
  2635 | D:3      | Found an opulent altar of Gozag.
  2759 | D:3      | Found an ornate altar of the Wu Jian Council.
  2845 | D:3      | 2845 ||| Stepping ~*~*~tactically~*~*~ (stealth).
  2857 | D:3      | Found a faded altar of an unknown god.
  3010 | D:3      | Identified the ring "Utaz" {EV+4 Str+4}
  3022 | D:3      | Noticed a centaur
  3023 | D:3      | 3023 ||| Stepping ~*~*~tactically~*~*~ (hiding).
  3024 | D:3      | 3024 ||| Stepping ~*~*~tactically~*~*~ (hiding).
  3034 | D:3      | Killed a centaur
  3035 | D:3      | Reached skill level 6 in Axes
  3035 | D:3      | 3035 ||| FLEEEEING.
  3036 | D:3      | 3036 ||| FLEEEEING.
  3037 | D:3      | 3037 ||| FLEEEEING.
  3038 | D:3      | 3038 ||| FLEEEEING.
  3039 | D:3      | 3039 ||| FLEEEEING.
  3040 | D:3      | 3040 ||| FLEEEEING.
  3041 | D:3      | 3041 ||| FLEEEEING.
  3042 | D:3      | 3042 ||| FLEEEEING.
  3043 | D:3      | 3043 ||| FLEEEEING.
  3044 | D:3      | 3044 ||| FLEEEEING.
  3045 | D:3      | 3045 ||| FLEEEEING.
  3046 | D:3      | 3046 ||| FLEEEEING.
  3047 | D:3      | 3047 ||| FLEEEEING.
  3048 | D:3      | 3048 ||| FLEEEEING.
  3049 | D:3      | 3049 ||| FLEEEEING.
  3050 | D:3      | 3050 ||| FLEEEEING.
  3051 | D:3      | 3051 ||| FLEEEEING.
  3052 | D:3      | 3052 ||| FLEEEEING.
  3053 | D:3      | 3053 ||| FLEEEEING.
  3054 | D:3      | 3054 ||| FLEEEEING.
  3057 | D:3      | 3057 ||| FLEEEEING.
  3058 | D:3      | 3058 ||| FLEEEEING.
  3059 | D:3      | 3059 ||| FLEEEEING.
  3062 | D:3      | 3062 ||| FLEEEEING.
  3063 | D:3      | 3063 ||| STAIRDANCE
  3221 | D:2      | 3221 ||| DROPPING amulet of faith.
  3222 | D:2      | 3222 ||| UPGRADING to +4 ring of protection.
  3223 | D:2      | 3223 ||| UPGRADING to ring "Utaz" {EV+4 Str+4}.
  3224 | D:2      | 3224 ||| READING 2 scrolls labelled NEAWICLUBRU.
  3375 | D:3      | Reached XP level 6. HP: 17/35 MP: 10/10
  3376 | D:3      | HP: 4/35 [gnoll/+0 spear (8)]
  3377 | D:3      | 3377 ||| READING scroll of teleportation.
  3769 | D:3      | 3769 ||| Stepping ~*~*~tactically~*~*~ (hiding).
  3799 | D:3      | 3799 ||| DROPPING +0 mace of protection.
  4162 | D:3      | 4162 ||| DRINKING 2 fuming coppery potions.
  4242 | D:4      | Reached skill level 7 in Axes
  4510 | D:4      | Noticed Dowan
  4510 | D:4      | Noticed Duvessa
  4513 | D:4      | 4513 ||| Stepping ~*~*~tactically~*~*~ (stealth).
  4519 | D:4      | Killed Dowan
  4520 | D:4      | Reached skill level 3 in Fighting
  4521 | D:4      | HP: 7/37 [Duvessa/+2 short sword of electrocution (8)]
  4522 | D:4      | Mangled by Duvessa

Levels and vault maps discovered:
D:1:      tarquinn_simple_flora_water_e, layout_rooms, serial_park_tiny_2,
          nicolae_figureground_pulse
D:2:      layout_basic, uniq_crazy_yiuf_cottage, uniq_jessica
D:3:      layout_basic, nicolae_gozag_cash_rules_everything_around_me,
          old_standard_altar, grunt_temple_overflow_cloverleaf,
          basic_ecumenical_altar, minmay_quantized
D:4:      layout_cave_pools, serial_bayou, serial_bayou_crossing,
          serial_bayou_pond_c, serial_bayou_ford_a, serial_bayou_pond_a,
          dk_vineyard_2, uniq_duvessa, uniq_edmund

Skill      XL: |  1  2  3  4  5  6 |
---------------+-------------------+-----
Axes           | 3 4 5 6 7 |  7.0
Shields        | 1 |  1.0
Fighting       | 3 |  3.0
Throwing       | |  1.0
Armour         | |  1.1
Dodging        | |  2.1
Spellcasting   | |  2.0
Translocations | |  2.4

Action                   |  1- 3 |  4- 6 || total
-------------------------+-------+-------++-------
Melee: Hand axe          |   123 |   123 ||   246
       Kick              |    22 |    30 ||    52
       Peck              |    13 |    18 ||    31
       Punch             |     1 |       ||     1
Throw: Boomerang         |     7 |       ||     7
  Use: Scroll            |     1 |     5 ||     6
       Potion            |       |     1 ||     1
Armor: Leather armour    |    15 |       ||    15
       Scale mail        |    18 |    56 ||    74
Dodge: Dodged            |    57 |    54 ||   111
Block: Buckler           |    12 |    37 ||    49

Table legend:
 A = Non-vault XP
 B = Vault XP
 C = Vault XP percentage of total XP
 D = Non-vault monster count
 E = Vault monster count
 F = Vault count percentage of total count
                 A         B        C        D         E       F
            +---------+---------+-------+---------+---------+-------
      Total |     422 |     114 |  21.3 |      77 |       7 |   8.3
            +---------+---------+-------+---------+---------+-------
        D:1 |      40 |       0 |   0.0 |      26 |       0 |   0.0
        D:2 |      54 |      37 |  40.7 |      26 |       1 |   3.7
        D:3 |     232 |       8 |   3.3 |      21 |       5 |  19.2
        D:4 |      96 |      69 |  41.8 |       4 |       1 |  20.0
            +---------+---------+-------+---------+---------+-------
